 Dungeon Crawl Stone Soup version 0.20.1-1-g8b1a95d66d (webtiles) character file.

11890 Rrauwl the Basher (level 11, 0/145 HPs)
             Began as a Troll Monk on Jan 1, 2018.
             Was a High Priest of Okawaru.
             Slain by a wolf (4 damage)
             ... on level 1 of the Lair of Beasts.
             The game lasted 00:39:23 (8961 turns).

Rrauwl the Basher (Troll Monk)                      Turns: 8961, Time: 00:39:24

Health: 0/145      AC:  9    Str: 31    XL:     11   Next: 55%
Magic:  8/13       EV: 15    Int:  6    God:    Okawaru [*****.]
Gold:   466        SH:  0    Dex: 14    Spells: 8/10 levels left

rFire    + . .     SeeInvis .   a - +3 dire flail
rCold    + . .     Gourm    +   (shield currently unavailable)
rNeg     + . .     Faith    .   K - +2 robe {rN+}
rPois    .         Spirit   .   (helmet restricted)
rElec    .         Reflect  .   k - +1 cloak
rCorr    .         Harm     .   (gloves unavailable)
MR       +....                  (boots unavailable)
Stlth    ..........             d - amulet of rage
Regen    0.8/turn               y - +4 ring of strength
MPRegen  0.2/turn               l - ring of protection from magic

@: berserking (expiring), heroism, very quick
A: unfitting armour, claws 3, blink, cold resistance 1, fire resistance 1, fast
metabolism 3, gourmand, regeneration 1, shaggy fur 1, tough skin 2
a: Blink, Heroism, Finesse, Renounce Religion, Evoke Berserk Rage


You were on level 1 of the Lair of Beasts.
You worshipped Okawaru.
Okawaru was extremely pleased with you.
You were very full.

You visited 3 branches of the dungeon, and saw 11 of its levels.
You also visited: Sewer and Ossuary.

You collected 702 gold pieces.
You spent 236 gold pieces at shops.

Inventory:

Hand Weapons
 a - a +3 dire flail (weapon)
 c - a +1 giant spiked club
Armour
 k - a +1 cloak (worn)
 I - the scarf of Instinct {rCorr Dex+5 Slay-3 SInv}
   (Okawaru gifted it to you on level 8 of the Dungeon)

   It affects your dexterity (+5).
   It affects your accuracy and damage with ranged weapons and melee attacks
   (-3).
   It lets you see invisible.
   It protects you from acid and corrosion.
 K - a +2 robe of positive energy (worn)
Jewellery
 d - an amulet of rage (around neck)
 l - a ring of protection from magic (right claw)
 y - a +4 ring of strength (left claw)
Wands
 q - a wand of acid (6/15)
Scrolls
 j - 3 scrolls of remove curse
 v - a scroll of fog
 w - 3 scrolls of identify
 B - 2 scrolls of blinking
 J - a scroll of fear
 L - 2 scrolls of magic mapping
Potions
 b - a potion of brilliance
 e - 4 potions of curing
 i - 3 potions of lignification
 t - 2 potions of haste
 u - a potion of might
 x - a potion of cancellation
 z - 2 potions of flight
 D - a potion of invisibility
Comestibles
 f - 7 royal jellies
 g - 6 chunks of flesh


   Skills:
 - Level 3.0(8.0) Fighting
 + Level 14.7(19.7) Maces & Flails
 - Level 1.0(6.0) Armour
 + Level 4.1(9.1) Dodging
 - Level 1.0(6.0) Stealth
 - Level 5.1 Invocations
 - Level 2.1 Evocations


You had 8 spell levels left.
You knew the following spells:

 Your Spells              Type           Power        Failure   Level  Hunger
a - Blink                 Tloc           N/A          58%         2    ###....


Dungeon Overview and Level Annotations

Branches:
Dungeon (9/15)             Temple (1/1) D:5            Lair (1/6) D:9
    Orc: D:9-12

Altars:
Ashenzari
Cheibriados
Dithmenos
Elyvilon
Fedhas
Gozag
Hepliaklqana
Kikubaaqudgha
Makhleb
Nemelex Xobeh
Okawaru
Qazlal
Ru
Sif Muna
Trog
Uskayaw
Vehumet
Xom
Yredelemnul
Zin
The Shining One

Shops:
D:4 [*


Innate Abilities, Weirdness & Mutations

You are too large for most types of armour.
You have claws for hands.
Your metabolism is lightning-fast.
You like to eat raw meat.
Your natural rate of healing is unusually fast.
You are covered in fur. (AC +1)
You have very tough skin. (AC +2)
You can translocate small distances at will.
Your flesh is cold resistant. (rC+)
Your flesh is heat resistant. (rF+)


Message History

The komodo dragon bites you.
* * * LOW HITPOINT WARNING * * *
You impale the komodo dragon!!
You kill the komodo dragon!
Okawaru accepts your kill.
You closely miss the wolf. You puncture the wolf!
The wolf is heavily wounded.
The wolf pauses to sniff the ground.
The wolf bites you.
* * * LOW HITPOINT WARNING * * *
You barely miss the wolf.
The wolf is heavily wounded.
The wolf completely misses you.
You completely miss the wolf.
The wolf is heavily wounded.
You hit the wolf.
The wolf is heavily wounded.
The wolf bites you.
You die...

##.8.8.##..##.8.## #..##
.#..........#.....####.#
.....>......+..>.8.##.##
........ #........###.#
...8.8.##..##.8.###..#
..#........######.##.##
...........# ##.#...#
##....
...l...#...####....#.###
#.....
#..####...#..h@.P###...#
#..... #.....h.##..##P##
##†####.....
##.....##...####
#..##......
##....#....##
##.##...... ##.........#
#..#...... ##........#
#......... #.........#
#......... ##.......##
###....... ##......#
#.......


You could see a wolf.

Vanquished Creatures
  A hydra (D:8)
  Erica (D:8)
  A two-headed ogre (D:8)
  The ghost of Ivernyr the Archer, a novice CeHu (D:6)
  A black mamba (Lair:1)
  Psyche (D:8)
  2 spiny frogs (Lair:1)
  A komodo dragon (Lair:1)
  Prince Ribbit (D:5)
  2 dream sheep (D:8)
  A hippogriff (D:7)
  A wraith (Ossuary)
  7 yaks
  A basilisk (D:9)
  A hungry ghost (D:8)
  Grum (D:8)
  A water moccasin (D:7)
  3 porcupines (D:9)
  2 sky beasts
  An ice beast (D:8)
  A necrophage (D:7)
  6 ogres
  4 phantoms
  2 wolves (D:8)
  11 centaurs
  3 crocodiles
  5 big kobolds
  6 bullfrogs
  3 scorpions
  8 wights
  A howler monkey (D:6)
  A bullfrog zombie (D:7)
  5 crimson imps
  2 jellies (D:9)
  7 orc wizards
  A centaur skeleton (D:5)
  7 orc priests
  A bullfrog skeleton (D:9)
  5 hounds
  Jessica (D:2)
  2 iguanas
  4 worker ants
  4 human skeletons (D:4)
  A killer bee zombie (D:7)
  A hound skeleton (D:4)
  A mummy (Ossuary)
  A howler monkey zombie (D:5)
  19 adders
  A shadow imp (D:9)
  9 oozes (Sewer)
  3 worms
  A dart slug (D:1)
  10 leopard geckos
  20 orcs
  12 ball pythons
  18 giant cockroaches
  8 goblins
  4 hobgoblins
  8 jackals
  15 kobolds
  2 quokkas (D:5)
  8 bats
  13 frilled lizards
  9 gnoll skeletons (Ossuary)
  A jackal skeleton (D:5)
  A jackal zombie (D:5)
  3 kobold skeletons (Ossuary)
  A leopard gecko zombie (D:5)
  19 orc skeletons
  An orc zombie (D:4)
  5 rats
316 creatures vanquished.

Vanquished Creatures (others)
  A fungus (D:9)
  A plant (D:9)
2 creatures vanquished.

Grand Total: 318 creatures vanquished

Notes
Turn   | Place    | Note
-------+----------+-------------------------------------------
     0 | D:1      | Rrauwl the Troll Monk began the quest for the Orb.
     0 | D:1      | Reached XP level 1. HP: 22/22 MP: 0/0
   111 | D:1      | Reached XP level 2. HP: 29/29 MP: 1/1
   493 | D:2      | Noticed Jessica
   505 | D:2      | Killed Jessica
   505 | D:2      | Reached skill level 3 in Maces & Flails
   505 | D:2      | Reached XP level 3. HP: 35/37 MP: 2/2
   545 | D:2      | Learned a level 2 spell: Blink
   619 | D:2      | Reached XP level 4. HP: 42/45 MP: 3/3
   704 | D:2      | Reached skill level 1 in Armour
   989 | D:2      | Found an iron altar of Okawaru.
  1008 | D:2      | Became a worshipper of Warmaster Okawaru
  1008 | D:2      | Reached * piety under Okawaru
  1008 | D:2      | Reached ** piety under Okawaru
  1186 | D:3      | Reached skill level 4 in Maces & Flails
  1186 | D:3      | Reached XP level 5. HP: 31/53 MP: 4/4
  1222 | D:3      | Found a glowing drain.
  1238 | Sewer    | Entered a sewer
  1285 | Sewer    | Reached skill level 5 in Maces & Flails
  1396 | Sewer    | Reached XP level 6. HP: 45/61 MP: 2/5
  1580 | Sewer    | Reached skill level 6 in Maces & Flails
  2177 | D:4      | Reached XP level 7. HP: 47/67 MP: 6/6
  2363 | D:4      | Found Ysum's General Store.
  2377 | D:4      | Bought a scroll of identify for 22 gold pieces
  2377 | D:4      | Bought a scroll of enchant weapon for 82 gold pieces
  2377 | D:4      | Bought a potion of mutation for 88 gold pieces
  2377 | D:4      | Bought a potion of might for 44 gold pieces
  2377 | D:4      | Gained mutation: Your flesh is cold resistant. (rC+) [potion of mutation]
  2377 | D:4      | Gained mutation: You can translocate small distances at will. [potion of mutation]
  2377 | D:4      | Gained mutation: You are partially covered in molten scales. (AC +2) [potion of mutation]
  2500 | D:4      | Found a shadowy altar of Dithmenos.
  2534 | D:4      | Found a sand-covered staircase.
  2542 | Ossuary  | Entered an ossuary
  2542 | Ossuary  | Noticed a wraith
  2542 | Ossuary  | Noticed a wraith
  2542 | Ossuary  | Noticed a wraith
  2638 | Ossuary  | Noticed a wraith
  2675 | Ossuary  | Killed a wraith
  2675 | Ossuary  | Reached *** piety under Okawaru
  2675 | Ossuary  | Reached skill level 7 in Maces & Flails
  2956 | D:4      | Found Voes's Armour Boutique.
  3009 | D:4      | Found a hazy altar of Hepliaklqana.
  3010 | D:4      | Found a blossoming altar of Fedhas.
  3147 | D:4      | Reached skill level 8 in Maces & Flails
  3337 | D:5      | Entered Level 5 of the Dungeon
  3369 | D:5      | Reached XP level 8. HP: 38/75 MP: 7/7
  3573 | D:5      | Noticed Prince Ribbit
  3579 | D:5      | Killed Prince Ribbit
  3579 | D:5      | Reached skill level 9 in Maces & Flails
  3606 | D:5      | Found a staircase to the Ecumenical Temple.
  3639 | Temple   | Entered the Ecumenical Temple
  4443 | D:6      | Lost mutation: Your flesh is cold resistant. (rC+) [mutagenic meat]
  4444 | D:6      | Gained mutation: You have an increased reservoir of magic. (+10% MP) [mutagenic meat]
  4445 | D:6      | Gained mutation: Armour fits poorly on your strangely shaped body. [mutagenic meat]
  4446 | D:6      | Gained mutation: You are clumsy. (Dex -2) [mutagenic meat]
  4448 | D:6      | Lost mutation: Armour fits poorly on your strangely shaped body. [potion of mutation]
  4448 | D:6      | Lost mutation: You are clumsy. (Dex -2) [potion of mutation]
  4448 | D:6      | Lost mutation: You are partially covered in molten scales. (AC +2) [potion of mutation]
  4448 | D:6      | Lost mutation: You have an increased reservoir of magic. (+10% MP) [potion of mutation]
  4448 | D:6      | Gained mutation: Your flesh is heat resistant. (rF+) [potion of mutation]
  4448 | D:6      | Gained mutation: Your flesh is cold resistant. (rC+) [potion of mutation]
  4695 | D:6      | Reached skill level 10 in Maces & Flails
  4735 | D:6      | Reached **** piety under Okawaru
  4911 | D:6      | Reached XP level 9. HP: 75/81 MP: 5/8
  5005 | D:6      | Found a white marble altar of Elyvilon.
  5116 | D:6      | Found a glowing golden altar of the Shining One.
  5117 | D:6      | Found a glowing silver altar of Zin.
  5182 | D:6      | Reached skill level 11 in Maces & Flails
  5183 | D:6      | Noticed Ivernyr's ghost (novice CeHu)
  5211 | D:6      | Killed Ivernyr's ghost
  5582 | D:6      | Reached skill level 1 in Invocations
  5891 | D:7      | Reached skill level 12 in Maces & Flails
  5998 | D:7      | Reached ***** piety under Okawaru
  6165 | D:7      | Reached XP level 10. HP: 54/91 MP: 8/11
  6754 | D:8      | Noticed Erica
  6760 | D:8      | Killed Erica
  6760 | D:8      | Reached skill level 5 in Invocations
  6872 | D:8      | Reached skill level 13 in Maces & Flails
  6915 | D:8      | Noticed a three-headed hydra
  6921 | D:8      | Killed a three-headed hydra
  6921 | D:8      | Received a gift from Okawaru
  6931 | D:8      | Got a twisted scarf {god gift}
  6942 | D:8      | Identified the scarf of Instinct {rCorr Dex+5 Slay-3 SInv} (Okawaru gifted it to you on level 8 of the Dungeon)
  7176 | D:8      | Noticed Grum
  7190 | D:8      | Killed Grum
  7253 | D:8      | Reached skill level 1 in Evocations
  7355 | D:8      | Noticed a two-headed ogre
  7364 | D:8      | Killed a two-headed ogre
  7364 | D:8      | Reached XP level 11. HP: 51/97 MP: 10/13
  7473 | D:8      | Noticed Psyche
  7479 | D:8      | Paralysed by Psyche for 5 turns
  7488 | D:8      | Killed Psyche
  7488 | D:8      | Reached skill level 14 in Maces & Flails
  7848 | D:9      | Found a burning altar of Makhleb.
  8392 | D:9      | Found a staircase to the Lair.
  8419 | D:9      | Found a bloodstained altar of Trog.
  8685 | D:9      | Found a shattered altar of Ashenzari.
  8770 | Lair:1   | Entered Level 1 of the Lair of Beasts
  8953 | Lair:1   | HP: 5/145 [komodo dragon (25)]
  8958 | Lair:1   | HP: 3/145 [wolf (2)]
  8961 | Lair:1   | Slain by a wolf

Skill      XL: |  1  2  3  4  5  6  7  8  9 10 11 |
---------------+----------------------------------+-----
Fighting       | 3 |  3.0
Maces & Flails | 3 4 5 6 8 10 12 13 14 | 14.7
Dodging        | 3 4 |  4.1
Armour         | 1 |  1.0
Invocations    | 3 5 |  5.1
Evocations     | 1 2 |  2.1
Stealth        | |  1.0

Action                   |  1- 3 |  4- 6 |  7- 9 | 10-12 || total
-------------------------+-------+-------+-------+-------++-------
Melee: Mace              |    69 |   316 |    27 |       ||   412
       Flail             |       |       |   296 |     3 ||   299
       Giant club        |       |       |    61 |       ||    61
       Giant spiked club |       |       |    22 |   155 ||   177
       Dire flail        |       |       |       |   201 ||   201
Invok: Heroism           |       |     1 |     7 |    14 ||    22
       Finesse           |       |       |       |     1 ||     1
Evoke: Wand              |       |       |     3 |       ||     3
  Use: Scroll            |     2 |     4 |     8 |     2 ||    16
       Potion            |     1 |     4 |     6 |     5 ||    16
 Stab: Sleeping          |     3 |     5 |     9 |     1 ||    18
       Invisible         |       |     1 |       |       ||     1
       Confused          |       |       |     1 |       ||     1
  Eat: Chunk             |    11 |    16 |    37 |    43 ||   107
Armor: Robe              |    33 |   183 |   113 |    53 ||   382
Dodge: Dodged            |    35 |   218 |   197 |   168 ||   618
